 Dungeon Crawl Stone Soup version 0.29.1-15-g9cfb28693d (webtiles) character file.

Game seed: 7884459262089183531

100 BeingJoeMalik the Poker (level 4, -8/28 HPs)
             Began as a Tengu Fighter on Mar 10, 2023.
             Mangled by a black bear (11 damage)
             ... on level 4 of the Dungeon.
             The game lasted 00:04:56 (2445 turns).

BeingJoeMalik the Poker (Tengu Fighter)             Turns: 2445, Time: 00:04:57

Health: -8/28      AC:  8    Str: 16    XL:     4   Next: 74%
Magic:  5/5        EV:  8    Int:  9    God:
Gold:   20         SH:  5    Dex: 15    Spells: 3/3 levels left

rFire   . . .      SeeInvis .   a - +0 trident
rCold   . . .      Faith    .   c - +0 buckler
rNeg    . . .      Spirit   .   b - +0 scale mail
rPois   .          Reflect  .   (helmet restricted)
rElec   .          Harm     .   (no cloak)
rCorr   .          Rampage  .   m - +0 pair of gloves
Will    .....                   (boots unavailable)
Stlth   ..........              (no amulet)
HPRegen 0.09/turn               f - ring of wizardry
MPRegen 0.09/turn               (no ring)

@: no status effects
A: beak, talons 3
a: no special abilities


You were on level 4 of the Dungeon.
You visited 1 branch of the dungeon, and saw 4 of its levels.

You collected 112 gold pieces.
You spent 92 gold pieces at shops.

Inventory:

Hand Weapons
 a - a +0 trident (weapon)
Missiles
 l - 6 poisoned darts (quivered)
Armour
 b - a +0 scale mail (worn)
 c - a +0 buckler (worn)
 g - a +1 robe of the Archmagi
 m - a +0 pair of gloves (worn)
Jewellery
 f - a ring of wizardry (left hand)
 s - the ring "Kafunk" {Fire MP+9 Int+3}
   (You found it on level 3 of the Dungeon)

   [ring of fire]

   It enhances your fire magic.
   Int:       It affects your intelligence (+3).
   rF:        It protects you from fire.
   rC:        It makes you vulnerable to cold.
   MP:        It affects your magic capacity (+9).
Wands
 r - a wand of mindburst (13)
Scrolls
 e - 3 scrolls of identify
 i - a scroll of fear
 j - a scroll of butterflies
 k - a scroll of immolation
 q - a scroll of amnesia
Potions
 d - a potion of might
 h - a potion of lignification
 n - a potion of curing
 t - a potion of flight
 u - a potion of mutation
 v - a potion of degeneration


   Skills:
 - Level 3.0 Fighting
 + Level 5.3 Polearms
 - Level 3.2 Armour
 - Level 3.0 Shields


You had 3 spell levels left.
You didn't know any spells.
Your spell library was empty.

Dungeon Overview and Level Annotations

Branches:
Dungeon (4/15)
 Temple: D:4-7

Altars:

Shops:
D:2 *

Annotations:
D:3 Grinder


Innate Abilities, Weirdness & Mutations

You have a beak for a mouth.
You have claws for feet.


Message History

Found 4 stones.
A black bear comes into view.
The black bear growls angrily.
You reach to attack!
You closely miss the black bear.
You hit the black bear but do no damage.
You peck the black bear, but do no damage.
The black bear bites you.
The black bear claws you but does no damage. x2
You completely miss the black bear. You claw the black bear.
The black bear is lightly wounded.
The black bear bites you.
The black bear claws you but does no damage.
The black bear barely misses you.
You puncture the black bear!
The black bear is heavily wounded.
The black bear closely misses you.
The black bear claws you but does no damage. x2
You barely miss the black bear. Your kick misses the black bear.
The black bear is heavily wounded.
The black bear bites you but does no damage.
You block the black bear's attack. The black bear claws you.
You puncture the black bear!
The black bear is severely wounded.
The black bear goes berserk!
You closely miss the black bear. You claw the black bear.
You peck the black bear.
The black bear is almost dead.
The black bear bites you. The black bear claws you. x2
The black bear bites you. The black bear claws you.
* * * LOW HITPOINT WARNING * * *
The black bear claws you but does no damage.
Okay, then.
Okay, then.
Unknown command.
Unknown command.
Unknown command.
You closely miss the black bear. You claw the black bear.
The black bear is almost dead.
The black bear bites you!
You die...

#.# #.# ... #
#.#
#.#.###.####.#
#............#
###..##.##.###
.# #.########
#........# #
#.######.# #
#@......( #
#.h.#####..
#.###. # .# .#
.. ##


You could see a black bear (berserk).

Vanquished Creatures
  An iguana (D:4)
  2 adders
  3 dart slugs
  An orc (D:4)
  9 endoplasms
  A giant cockroach (D:1)
  3 goblins
  2 hobgoblins
  4 jackals (D:1)
  7 quokkas
  3 ball pythons
  4 bats
  2 frilled lizards
  A kobold (D:1)
  3 rats (D:1)
46 creatures vanquished.

Notes
Turn   | Place    | Note
-------+----------+-------------------------------------------
     0 | D:1      | BeingJoeMalik the Tengu Fighter began the quest for the
                  | Orb.
     0 | D:1      | Reached XP level 1. HP: 14/14 MP: 2/2
   152 | D:1      | Reached XP level 2. HP: 17/19 MP: 3/3
   172 | D:1      | Reached skill level 3 in Polearms
   624 | D:1      | Found a faded altar of an unknown god.
   828 | D:2      | Reached XP level 3. HP: 20/23 MP: 4/4
  1103 | D:2      | Reached skill level 4 in Polearms
  1232 | D:2      | Found Qidoat's Assorted Antiques.
  1240 | D:2      | Bought a scroll labelled TITSUCK ITEE for 23 gold pieces
  1240 | D:2      | Bought a scroll labelled BACLIC YRHOPP for 23 gold pieces
  1240 | D:2      | Bought a scroll labelled TIREZO QYNA for 23 gold pieces
  1841 | D:2      | Bought a scroll labelled TIREZO QYNA for 23 gold pieces
  1872 | D:3      | Identified the ring "Kafunk" {Fire MP+9 Int+3}
  1948 | D:3      | Reached XP level 4. HP: 28/28 MP: 5/5
  1980 | D:3      | Noticed Grinder
  2325 | D:4      | Reached skill level 5 in Polearms
  2437 | D:4      | Noticed a black bear
  2445 | D:4      | Mangled by a black bear

Illustrated notes

Levels and vault maps discovered:
D:1:      heliophobic_arrival_enchanted_forest, layout_basic,
          shapermc_ecumenical_altar_petra
D:2:      layout_basic, serial_shops, nicolae_shop_stone,
          serial_co_window_serial, co_window_paths_a, co_window_paths_b,
          co_window_paths_a, co_window_corner_a, co_window_paths_a,
          co_window_corner_a, co_window_corner_a, co_window_unsneaky_path_e,
          co_window_cross_3, co_window_cross_4, co_window_4corner_b
D:3:      layout_basic, uniq_grinder
D:4:      layout_loops_ring, nicolae_overflow_crystal_walls,
          gammafunk_temple_overflow_wave

Skill      XL: |  1  2  3  4 |
---------------+-------------+-----
Polearms       | 3 4 5 |  5.3
Fighting       | |  3.0
Armour         | |  3.2
Shields        | |  3.0

Action                   |  1- 3 |  4- 6 || total
-------------------------+-------+-------++-------
Melee: Trident           |    79 |    28 ||   107
       Kick              |    17 |     9 ||    26
       Peck              |     6 |     4 ||    10
  Use: Scroll            |       |    11 ||    11
Armor: Scale mail        |    20 |    14 ||    34
Dodge: Dodged            |    25 |     7 ||    32
Block: Buckler           |     7 |     6 ||    13
